 Dungeon Crawl Stone Soup version 0.17-a0-1479-g4041c36 (webtiles) character file.

390 ztt the Shield-Bearer (level 6, 0/56 HPs)
             Began as a Minotaur Fighter on July 3, 2015.
             Slain by Duvessa
             ... wielding a +0 rapier
              (6 damage)
             ... on level 5 of the Dungeon.
             The game lasted 00:06:09 (3496 turns).

ztt the Shield-Bearer (Minotaur Fighter)            Turns: 3496, Time: 00:06:09

Health: 0/56       AC: 14    Str: 23    XL:     6   Next: 50%
Magic:  5/5        EV:  5    Int: 11    God:
Gold:   235        SH: 10    Dex:  9    Spells: 0 memorised, 5 levels left

rFire  . . .     SeeInvis .     a - +0 war axe
rCold  . . .     Clarity  .     w - +1 plate armour
rNeg   . . .     SustAt   .     c - +0 shield
rPois  .         Gourm    .     (helmet restricted)
rElec  .         Spirit   .     (no cloak)
rCorr  .         Warding  .     (no gloves)
rMut   .         Stasis   .     i - +0 pair of boots
MR     .....                    A - amulet of faith
Stlth  ..........               (no ring)
                                m - +6 ring of intelligence

@: not resistant to hostile enchantments, extremely unstealthy
A: retaliatory headbutt, horns 2
a: no special abilities


You were on level 5 of the Dungeon.
You were not hungry.

You visited 1 branch of the dungeon, and saw 5 of its levels.

You collected 235 gold pieces.

Inventory:

Hand weapons
 a - a +0 war axe (weapon)
Armour
 c - a +0 shield (worn)
 i - a +0 pair of boots (worn)
 w - a +1 plate armour (worn)
Jewellery
 l - an uncursed ring of magical power
 m - a +6 ring of intelligence (left hand)
 p - an uncursed ring of teleportation
 v - an uncursed amulet of warding
 A - an amulet of faith (around neck)
Scrolls
 h - 5 scrolls of teleportation
 j - 2 scrolls of fear
 t - a scroll of remove curse
 y - a scroll of blinking {unknown}
Potions
 b - a potion of lignification {unknown}
 d - 2 potions of might
 f - a potion of agility {unknown}
 g - a potion of curing
 n - 2 potions of flight {unknown}
 q - a potion of heal wounds
 r - a potion of haste
 u - 2 potions of degeneration {unknown}
 x - a potion of invisibility
Comestibles
 e - 13 bread rations
 k - a meat ration
 o - a slice of pizza
 s - a beef jerky
 z - 2 fruits
 B - a royal jelly
 C - 2 chunks of flesh


   Skills:
 + Level 5.2 Fighting
 + Level 3.9 Axes
 + Level 5.4 Armour
 + Level 1.8 Dodging
 + Level 5.6 Shields


You had 5 spell levels left.
You didn't know any spells.

Dungeon Overview and Level Annotations

Branches:
Dungeon (5/15)
 Temple: D:4-7

Altars:
Dithmenos
Fedhas
Kikubaaqudgha
Sif Muna
Yredelemnul

Shops:
D:5 *

Annotations:
D:5 Dowan, Duvessa


Innate Abilities, Weirdness & Mutations

You reflexively headbutt those who attack you in melee.
You have a pair of horns on your head.


Message History

* * * LOW HITPOINT WARNING * * *
You hit Duvessa.
Duvessa is severely wounded.
Duvessa hits you but does no damage. You block Duvessa's attack.
You closely miss Duvessa.
Duvessa is severely wounded.
You block Duvessa's attack. Duvessa hits you but does no damage.
You barely miss Duvessa. You headbutt Duvessa.
Duvessa is almost dead.
You block Duvessa's attack. Duvessa barely misses you.
You hit Duvessa.
Duvessa is almost dead.
You block Duvessa's attack.
Duvessa says, "Where magic fails, the sword succeeds!"
Duvessa hits you with a rapier.
* * * LOW HITPOINT WARNING * * *
You barely miss Duvessa.
Duvessa is almost dead.
Duvessa hits you with a rapier.
You die...

#.##.##.# ##.....### #.
#.##.# ####### #. #..#.#
##...## #. ##.#.#
##....... #.#.#
##........ #...#
#....≈≈≈....
######..#####...≈≈≈≈≈...
#........#.....≈≈...≈≈..
#......@.......≈≈e>.≈≈..
#......e.#.....≈≈...≈≈..
#........####...≈≈≈≈≈...
#....)....# #....≈≈≈....
#.........# ##.........#
#.........# ##.......##
#....<....# ###...###
########### #####


You could see Duvessa.

Vanquished Creatures
  A water moccasin (D:5)
  A giant frog skeleton (D:5)
  A hound (D:5)
  The ghost of Duffy the Sneak, a weakling VSEn (D:3)
  7 adders
  3 gnolls (D:2)
  4 worms
  2 giant geckos (D:1)
  3 orcs (D:4)
  2 bat skeletons (D:4)
  A bat zombie (D:5)
  6 giant cockroaches
  8 goblins
  9 hobgoblins
  11 jackals
  9 kobolds
  A quokka (D:3)
  3 ball pythons
  11 bats
  A giant newt (D:3)
  9 rats
94 creatures vanquished.

Notes
Turn   | Place    | Note
--------------------------------------------------------------
     0 | D:1      | ztt the Minotaur Fighter began the quest for the Orb.
     0 | D:1      | Reached XP level 1. HP: 19/19 MP: 0/0
   201 | D:1      | Reached XP level 2. HP: 18/27 MP: 1/1
   204 | D:1      | Reached skill level 4 in Fighting
   564 | D:1      | You fall through a shaft!
   722 | D:2      | Reached XP level 3. HP: 34/34 MP: 2/2
   794 | D:2      | Reached skill level 1 in Dodging
  1076 | D:2      | Reached XP level 4. HP: 36/41 MP: 3/3
  1867 | D:3      | Noticed Duffy's ghost (weakling VSEn)
  1878 | D:3      | Killed Duffy's ghost
  1878 | D:3      | Reached skill level 5 in Shields
  1878 | D:3      | Reached XP level 5. HP: 42/47 MP: 4/4
  2255 | D:3      | Found an ancient bone altar of Kikubaaqudgha.
  2258 | D:3      | Found a blossoming altar of Fedhas.
  2828 | D:4      | Found a shadowy altar of Dithmenos.
  2980 | D:4      | Reached skill level 5 in Fighting
  3129 | D:5      | Entered Level 5 of the Dungeon
  3253 | D:5      | Found a basalt altar of Yredelemnul.
  3267 | D:5      | Found Otacehas's Serpentskin Sales.
  3267 | D:5      | Noticed a water moccasin
  3272 | D:5      | Killed a water moccasin
  3272 | D:5      | Reached skill level 5 in Armour
  3272 | D:5      | Reached XP level 6. HP: 44/56 MP: 5/5
  3420 | D:5      | Noticed Duvessa
  3422 | D:5      | Noticed Dowan
  3422 | D:5      | Found a deep blue altar of Sif Muna.
  3496 | D:5      | Slain by Duvessa

Vault maps used:
D:1:      lightli_arrival_lavapool
D:3:      grunt_temple_overflow_growth_and_decay
D:4:      first_bread, nicolae_dithmenos_the_darkroom
D:5:      tgw_sif, kennysheep_mini_moat, guppyfry_shop_venom, uniq_duvessa

Action                   |  1- 3 |  4- 6 || total
-------------------------+-------+-------++-------
Melee: War axe           |   109 |   164 ||   273
  Use: Scroll            |     1 |    12 ||    13
       Potion            |       |     3 ||     3
  Eat: Chunk             |       |     7 ||     7
       Beef jerky        |       |     1 ||     1
